Map: Submarine LE

Players

DABO

  • Race: Terran Terran
  • League: Platinum
  • Spawn Location: 5:00

MyBFMadeMe - Winner!

  • Race: Protoss Protoss
  • League: Diamond
  • Spawn Location: 11:00

VOD

Have the link to the VOD?

Description

The purpose of this build is to make your opponent think that you suck and then surprise them when they realize that you know how to make DTs. Some probe custs may be necessary.

Send probe after it mines the first mineral patch to proxy pylon in their base, while also making a gateway and cy core at home to get your tech going quickly. it's imperative that you let the gateway finish and let them kill it so that they think you suck. you might also want to make a second pylon if they kill your first pylon in their base. Also it's crucial to make a forge and cannon at your ramp because 90% of the time they move out immediately after killing your fake proxy.

Meanwhile you'll want to proxy the twilight council and dark shrine and 2 gateways somewhere near their base for quick travel after DT warp ins.

Have fun!

Time

  • Played on: Nov. 13, 2020, 8:21 a.m.
  • Length: 15:02
Show
View Real Time Build Order
Export as new Build Order

DABO Terran 

Build Orders:  

Get SALT Encoding   

  12  0:00  SCV  
  13  0:12  SCV  
  14  0:18  Supply Depot  
  14  0:24  SCV  
  15  0:40  SCV  
  15  0:42  Barracks  
  16  0:46  Refinery  
  16  0:52  SCV  
  17  1:04  Supply Depot  
  17  1:07  SCV  
  18  1:21  Supply Depot  
  18  1:25  SCV  
  19  1:32  Marine  
  20  1:41  Bunker  
  20  1:59  Orbital Command  
  20  2:15  Factory  
  20  2:19  Barracks Reactor  
  20  2:26  Bunker, Refinery  
  20  2:31  SCV  
  21  2:45  Barracks  
  21  2:47  SCV  
  22  2:56  Marine x2  
  24  2:59  SCV  
  25  3:11  SCV, Factory Tech Lab  
  26  3:17  Marine x2  
  26  3:18  Supply Depot  
  28  3:29  SCV  
  29  3:36  Cyclone  
  29  3:38  Marine x2  
  29  3:39  Barracks Tech Lab  
  34  3:56  Marine x2  
  34  3:59  Stimpack  
  34  4:01  Marauder  
  39  4:02  SCV  
  39  4:08  Cyclone  
  42  4:12  Engineering Bay  
  42  4:22  Marauder  
  42  4:23  Marine x2  
  40  4:39  Missile Turret  
  31  5:15  Missile Turret  
  29  5:28  Missile Turret  
  26  5:41  Marauder  
  25  5:51  SCV  
  26  6:06  Missile Turret  
  26  6:28  SCV  
  27  6:42  Missile Turret  
  27  6:59  Supply Depot  
  27  7:11  Supply Depot  
  27  7:51  SCV, Starport  
  28  8:03  SCV  
  29  8:15  SCV  
  29  8:18  Missile Turret  
  30  8:28  SCV  
  30  8:29  Starport Tech Lab  
  30  8:34  Barracks Tech Lab  
  31  8:49  Raven, Marauder  
  35  9:02  Barracks  
  35  9:03  SCV  
  36  9:11  Marauder  
  36  9:15  SCV  
  39  9:35  Supply Depot  
  39  9:53  Terran Infantry Weapons Level 1  
  39  9:56  SCV, Medivac  
  42  10:00  Supply Depot  
  42  10:11  Marine x2, Siege Tank  
  47  10:22  SCV, Marine  
  49  10:33  Marine x2  
  51  10:38  SCV  
  52  10:50  SCV, Marine  
  52  10:51  Marine  
  55  11:03  Marauder  
  54  11:21  Command Center  
  54  11:22  Marine  
  55  11:28  Concussive Shells  
  55  11:50  Supply Depot  
  55  12:12  SCV, Marauder, Marine x2, Liberator  
  63  12:26  Combat Shield  
  63  12:30  Terran Infantry Armor Level 1  
  63  12:32  SCV  
  63  12:33  Marauder  
  63  12:35  Orbital Command  
  66  12:44  Marine x2  
  68  12:53  SCV  
  68  12:55  Liberator  
  72  13:05  SCV x2  
  74  13:13  Widow Mine  
  74  13:15  Marine x2  
  78  13:21  SCV  
  78  13:23  Supply Depot  
  79  13:27  SCV  
  79  13:30  Marauder  
  82  13:35  Widow Mine  
  84  13:48  SCV x2  
  86  13:50  Refinery  
  86  13:51  Refinery  
  86  13:53  Supply Depot  
  86  14:00  SCV  
  87  14:07  Siege Tank  
  90  14:10  Marauder  
  90  14:11  Marine x2  
Show
View Real Time Build Order
Export as new Build Order

MyBFMadeMe Protoss - Winner!

Build Orders: 1 Base All-In, Dark Templar Rush 

Get SALT Encoding   

  12  0:02  Probe  
  14  0:14  Probe  
  14  0:18  Pylon  
  14  0:26  Probe  
  15  0:38  Probe  
  15  0:40  Gateway  
  16  0:49  Pylon  
  16  0:55  Assimilator  
  16  1:06  Assimilator  
  16  1:11  Gateway  
  16  1:27  Pylon  
  16  1:31  Cybernetics Core  
  16  1:48  Probe  
  17  2:00  Probe, Pylon  
  17  2:09  Forge  
  17  2:14  Warp Gate (Chrono Boost)  
  18  2:22  Twilight Council  
  17  2:42  Photon Cannon  
  17  2:47  Probe  
  18  2:58  Dark Shrine  
  18  3:12  Gateway  
  18  3:26  Gateway  
  18  3:30  Probe  
  19  4:11  Dark Templar x2  
  23  4:18  Probe, Pylon  
  23  4:23  Dark Templar  
  26  4:32  Shield Battery  
  24  5:00  Probe  
  24  5:03  Dark Templar x2  
  29  5:12  Probe  
  28  5:49  Probe  
  27  6:01  Probe  
  27  6:03  Nexus  
  28  6:04  Dark Templar x2  
  28  6:06  Zealot  
  34  6:17  Probe  
  35  6:29  Probe  
  34  6:41  Probe  
  33  6:53  Probe  
  32  6:59  Robotics Facility  
  32  7:00  Pylon x2  
  32  7:02  Zealot x2  
  32  7:06  Probe  
  32  7:07  Adept  
  39  7:18  Probe  
  40  7:31  Probe  
  37  7:48  Probe x2  
  37  7:50  Immortal (Chrono Boost)  
  43  7:52  Robotics Facility  
  43  7:57  Templar Archives  
  43  8:00  Probe  
  43  8:01  Protoss Ground Weapons Level 1  
  43  8:04  Shield Battery  
  44  8:14  Dark Templar  
  44  8:19  Zealot  
  48  8:20  Observer (Chrono Boost)  
  48  8:26  Assimilator  
  49  8:28  Probe x2 (Chrono Boost)  
  51  8:38  Probe (Chrono Boost)  
  50  8:47  Immortal (Chrono Boost)  
  54  8:51  Probe x2, Assimilator  
  56  9:03  Probe  
  56  9:05  Photon Cannon  
  56  9:06  Immortal (Chrono Boost)  
  61  9:25  Probe x2  
  61  9:26  Gateway  
  63  9:31  Immortal  
  67  9:42  Observer  
  67  9:44  Psionic Storm  
  67  9:46  Zealot  
  67  9:47  Probe  
  67  9:51  Pylon  
  70  9:53  Pylon  
  70  9:55  Pylon  
  69  10:08  Pylon  
  69  10:11  Probe  
  69  10:12  Protoss Ground Weapons Level 2  
  69  10:13  Probe  
  71  10:18  Zealot  
  73  10:23  Probe  
  73  10:25  Probe  
  75  10:44  Zealot x2  
  75  10:45  Probe x2  
  75  10:46  Immortal (Chrono Boost)  
  75  10:48  Gateway  
  85  10:51  Gateway  
  83  10:57  Probe  
  84  11:07  Zealot  
  84  11:08  Zealot  
  86  11:16  Twilight Council  
  86  11:19  Pylon  
  86  11:21  Pylon  
  86  11:26  Pylon  
  86  11:28  Pylon  
  86  11:37  Probe x2  
  88  11:50  Probe x2  
  90  12:00  Nexus  
  89  12:02  Probe x2, Pylon  
  89  12:04  Robotics Bay  
  89  12:06  Immortal  
  89  12:08  Forge  
  95  12:09  High Templar x2  
  95  12:13  High Templar x2  
  95  12:14  Charge (Chrono Boost)  
  103  12:18  Probe  
  103  12:19  Probe  
  105  12:23  Shield Battery  
  105  12:31  Assimilator  
  105  12:35  Assimilator  
  105  12:39  Photon Cannon, Observer  
  106  12:45  Zealot x2  
  110  12:55  Probe x2 (Chrono Boost)  
  112  12:58  Photon Cannon  
  112  13:00  Shield Battery  
  112  13:07  Probe x2 (Chrono Boost)  
  118  13:13  Colossus (Chrono Boost)  
  120  13:36  Probe x2  
  122  13:42  Colossus (Chrono Boost)  
  126  13:50  Zealot x4  
  126  13:52  Probe x2  
  136  14:06  Observer  
  136  14:11  Nexus  
  136  14:13  Pylon  
  136  14:24  Stalker x2  
  136  14:26  Probe  
  136  14:29  Pylon  
  141  14:42  Pylon, Zealot x2  
  142  14:46  Pylon  
  142  14:48  Pylon  
Tags
 
Add a new tag
Caveats
  • Supply blocks, unpowered buildings, or Contaminate may cause inaccurate times.
  • Supply counts are checked every 10 seconds.